 Dungeon Crawl Stone Soup version 0.23.2 (webtiles) character file.

Game seed: 18085095888918912895

196 dvd the Chopper (level 5, -5/45 HPs)
             Began as a Minotaur Skald on Apr 2, 2019.
             Slain by a bullfrog skeleton (6 damage)
             ... on level 4 of the Dungeon.
             The game lasted 00:05:22 (2504 turns).

dvd the Chopper (Minotaur Skald)                    Turns: 2504, Time: 00:05:23

Health: -5/45      AC:  7    Str: 16    XL:     5   Next: 46%
Magic:  6/6        EV: 10    Int: 10    God:
Gold:   103        SH:  0    Dex: 10    Spells: 6/7 levels left

rFire    . . .     SeeInvis .   f - +0 battleaxe
rCold    . . .     Gourm    .   (shield currently unavailable)
rNeg     . . .     Faith    .   m - +0 scale mail
rPois    .         Spirit   .   (helmet restricted)
rElec    .         Reflect  .   (no cloak)
rCorr    .         Harm     .   (no gloves)
MR       .....                  c - +0 pair of boots
Stlth    ..........             (no amulet)
HPRegen  0.15/turn              (no ring)
MPRegen  0.10/turn              (no ring)

@: no status effects
A: retaliatory headbutt, horns 2
a: no special abilities


You were on level 4 of the Dungeon.
You were not hungry.

You visited 1 branch of the dungeon, and saw 4 of its levels.

You collected 103 gold pieces.

Inventory:

Hand Weapons
 a - a +0 hand axe
 e - a +0 morningstar
 f - a +0 battleaxe (weapon)
Missiles
 t - 5 javelins (quivered)
Armour
 b - a +0 leather armour
 c - a +0 pair of boots (worn)
 i - a +0 ring mail
 j - a +0 plate armour
 m - a +0 scale mail (worn)
Scrolls
 g - a scroll of blinking {unknown}
 h - 6 scrolls of identify
 p - a scroll of random uselessness {unknown}
 r - a scroll of fear
Potions
 k - 2 potions of resistance {unknown}
 l - a potion of magic {unknown}
 n - a potion of degeneration {unknown}
 o - a potion of haste {unknown}
 s - a potion of might {unknown}
 u - 2 potions of lignification {unknown}
Comestibles
 d - 5 rations
 q - a chunk of flesh


   Skills:
 + Level 3.2 Fighting
 + Level 4.3 Axes
 + Level 2.0 Throwing
 + Level 2.6 Armour
 + Level 2.6 Dodging
 + Level 0.1 Stealth
 + Level 1.5 Spellcasting
 + Level 2.3 Charms


You had 6 spell levels left.
You knew the following spells:

 Your Spells              Type           Power        Failure   Level  Hunger
a - Infusion              Chrm           #...         41%         1    ##.....

Your spell library contained the following spells:

 Spells                   Type           Power        Failure   Level  Hunger
 Song of Slaying          Chrm           #.......     54%         2    ###....
 Shroud of Golubria       Chrm/Tloc      #.........   73%         2    ###....
 Animate Skeleton         Necr           N/A          75%         1    ##.....
 Apportation              Tloc           #.....       75%         1    ##.....
 Confusing Touch          Hex            #.....       75%         1    ##.....
 Summon Small Mammal      Summ           #...         75%         1    ##.....
 Regeneration             Chrm/Necr      #.........   91%         3    ####...
 Spectral Weapon          Hex/Chrm       #.......     91%         3    ####...


Dungeon Overview and Level Annotations

Branches:
Dungeon (4/15)
 Temple: D:4-7

Altars:
Trog
Vehumet


Innate Abilities, Weirdness & Mutations

You reflexively headbutt those who attack you in melee.
You have a pair of horns on your head.


Message History

* * * LOW HITPOINT WARNING * * *
The worm bites you.
* * * LOW HITPOINT WARNING * * *
You slash the worm!
You kill the worm!
Your scale mail prevents you from hitting the jackal.
You barely miss the bullfrog skeleton. The jackal misses you.
The bullfrog skeleton hits you.
* * * LOW HITPOINT WARNING * * *
The jackal bites you.
* * * LOW HITPOINT WARNING * * *
The bullfrog skeleton misses you.
Okay, then.
Unknown command.
You hit the bullfrog skeleton.
The bullfrog skeleton is heavily damaged.
You barely miss the jackal.
The jackal bites you but does no damage.
The bullfrog skeleton hits you.
You die...

..#.........#..
...................
............(......
....<..............
...................
..........[........
...................
...................
..........Z@.......
#.....><..)h......#
..#....#.#......$..
#..#...#........###
.##.............#
##............#
####..........#
...........#
##.......


You could see a jackal and a bullfrog skeleton.

Vanquished Creatures
  An orc priest (D:3)
  A worker ant (D:4)
  A howler monkey zombie (D:3)
  5 adders
  2 worms
  2 leopard geckos
  11 orcs
  A ball python (D:1)
  3 bats
  3 giant cockroaches (D:2)
  5 goblins
  8 hobgoblins
  7 jackals
  3 frilled lizards
  6 kobolds
  A leopard gecko skeleton (D:2)
  4 rats
64 creatures vanquished.

Notes
Turn   | Place    | Note
-------+----------+-------------------------------------------
     0 | D:1      | dvd the Minotaur Skald began the quest for the Orb.
     0 | D:1      | Reached XP level 1. HP: 18/18 MP: 1/1
   599 | D:1      | Reached XP level 2. HP: 23/25 MP: 3/3
  1127 | D:2      | Reached skill level 3 in Axes
  1127 | D:2      | Reached XP level 3. HP: 22/30 MP: 4/4
  1448 | D:2      | Found a radiant altar of Vehumet.
  1644 | D:2      | Reached XP level 4. HP: 19/37 MP: 5/5
  1800 | D:3      | Reached skill level 1 in Throwing
  1957 | D:3      | Reached XP level 5. HP: 45/45 MP: 6/6
  2291 | D:3      | Found a bloodstained altar of Trog.
  2301 | D:3      | Reached skill level 4 in Axes
  2502 | D:4      | HP: 2/45 [worm (2)]
  2504 | D:4      | Slain by a bullfrog skeleton

Skill      XL: |  1  2  3  4  5 |
---------------+----------------+-----
Axes           | 3 4 |  4.3
Armour         | 2 |  2.6
Fighting       | 3 |  3.2
Throwing       | 1 2 |  2.0
Dodging        | |  2.6
Stealth        | |  0.1
Spellcasting   | |  1.5
Charms         | |  2.3

Action                   |  1- 3 |  4- 6 || total
-------------------------+-------+-------++-------
Melee: Hand axe          |    55 |       ||    55
       Headbutt          |     7 |     6 ||    13
       Battleaxe         |     9 |    33 ||    42
Throw: Javelin           |    22 |    26 ||    48
  Use: Scroll            |     5 |       ||     5
  Eat: Chunk             |     2 |     3 ||     5
Armor: Ring mail         |     7 |    14 ||    21
       Plate armour      |    11 |       ||    11
       Scale mail        |       |    12 ||    12
Dodge: Dodged            |    43 |    38 ||    81
